 Dungeon Crawl Stone Soup version 0.30-a0-1160-g6e42c06551 (webtiles) character file.

Game seed: 14552538888407878479

1320 NateTC the Magician (level 8, -18/58 HPs)
             Began as a Djinni Hedge Wizard on Apr 27, 2023.
             Demolished by an ice beast (19 damage)
             ... on level 5 of the Dungeon.
             The game lasted 00:18:42 (6039 turns).

NateTC the Magician (Djinni Hedge Wizard)           Turns: 6039, Time: 00:18:43

Health: -18/58     AC:  4    Str:  9    XL:     8   Next: 90%
Gold:   221        EV: 15    Int: 19    God:
                   SH:  0    Dex: 18

rFire   + + +        r - +7 staff of the Meek {protect, meekguard}
rCold   x . .        (shield currently unavailable)
rNeg    . . .        b - +0 robe
rPois   ∞            c - +1 hat
rElec   .            (no cloak)
rCorr   .            q - +0 pair of gloves
SInv    .            (boots unavailable)
Will    .....        (no amulet)
Stlth   ++           p - +6 ring of dexterity
HPRegen 0.29/turn    i - ring of protection from fire
MPRegen 0.00/turn

%: infuse magic (-19 HP)
@: on blink cooldown, flying
A: sickness immunity, fire resistance 2, cold vulnerability 1, float, innate
caster, HP casting, extra vitality 1
a: no special abilities


You were on level 5 of the Dungeon.
You visited 1 branch of the dungeon, and saw 6 of its levels.

You collected 221 gold pieces.

Inventory:

Hand Weapons
 r - the +7 staff of the Meek (weapon) {protect, meekguard}
   (You took it off an orc on level 4 of the Dungeon)
Missiles
 j - a throwing net
Armour
 b - a +0 robe (worn)
 c - a +1 hat (worn)
 q - a +0 pair of gloves (worn)
Jewellery
 i - a ring of protection from fire (right hand)
 p - a +6 ring of dexterity (left hand)
 y - a +4 ring of protection
Scrolls
 e - a scroll of enchant armour
 k - a scroll of magic mapping {unknown}
 l - a scroll of immolation {unknown}
 m - 2 scrolls of brand weapon {unknown}
 n - 3 scrolls of identify
 s - 2 scrolls of blinking {unknown}
 t - a scroll of summoning {unknown}
 v - a scroll of teleportation {unknown}
 x - a scroll of poison
Potions
 a - 2 potions of attraction {unknown}
 d - 3 potions of might
 f - a potion of flight
 g - a potion of resistance
 h - 3 potions of lignification {unknown}
 o - a potion of brilliance {unknown}
 u - a potion of cancellation {unknown}
 w - a potion of berserk rage {unknown}


   Skills:
 + Level 4.8 Fighting
 + Level 5.9 Dodging
 - Level 1.5 Stealth
 * Level 6.0 Spellcasting


You knew the following spells:

 Your Spells              Type           Power      Damage    Failure   Level
a - Magic Dart            Conj           100%       1d8       1%          1
b - Slow                  Hex            100%       N/A       1%          1
c - Blink                 Tloc           56%        N/A       1%          2
d - Call Imp              Summ           56%        N/A       1%          2
e - Mephitic Cloud        Conj/Pois/Air  28%        N/A       2%          3
f - Freeze                Ice            100%       1d10      1%          1
g - Searing Ray           Conj           56%        2d6       1%          2
h - Gell's Gravitas       Tloc           28%        N/A       2%          3
Your spell library was empty.

Dungeon Overview and Level Annotations

Branches:
Dungeon (6/15) Zot: 26895
 Temple: D:4-7

Altars:
Ashenzari
Okawaru
Wu Jian

Shops:
D:1 *


Innate Abilities, Weirdness & Mutations

You are immune to sickness and miasma.
You are immune to poison.
Your flesh is very heat resistant. (rF++)
You are vulnerable to cold. (rC-)
You float through the air rather than walking.
You learn spells naturally, not from books.
Your magical power is your life essence.
You have superior vitality. (+4 MHP)


Message History

You are very lightly contaminated with residual magic.
Nothing appears to happen.
The howler monkey howls!
The howler monkey hoots and howls with incredible vigour!
The orc priest begins to cast a cantrip, but forgets the words!
Casting: Gell's Gravitas (dangerous; 2% risk of failure)
Confirm with . or Enter, or press ? or * to list all spells.
Aiming: Gell's Gravitas (dangerous; 2% risk of failure)
Press: ? - help, Dir - move target, f/p - ice beast
Aim: an ice beast (lightly wounded) Gravity reorients around the ice beast.
The orc priest collides with the ice beast!
The orc priest is lightly wounded.
The orc wizard collides with the ice beast!
The ice beast is lightly wounded.
The orc wizard is heavily wounded.
The ice beast hits you. The ice beast freezes you!!
You feel a terrible chill! The orc priest completely misses you.
The orc priest attacks as you move away!
The orc priest barely misses you.
The orc priest attacks as you move away!
The orc priest hits you with a +0 mace.
* * * LOW HITPOINT WARNING * * *
The ice beast attacks as you move away! The ice beast barely misses you.
Your magical contamination has completely faded away.
There is a stone staircase leading up here.
The ice beast completely misses you.
The orc priest calls down the wrath of Beogh upon you.
Beogh smites you!
* * * LOW HITPOINT WARNING * * *
You fly upwards.
There is a stone staircase leading down here.
Casting: Gell's Gravitas (dangerous; 2% risk of failure)
Confirm with . or Enter, or press ? or * to list all spells.
You blink.
* * * LOW HITPOINT WARNING * * *
The ice beast hits you.
* * * LOW HITPOINT WARNING * * *
The ice beast freezes you!!
You feel a terrible chill!
You die...

#...# #.# #.# #...# #.#
#.# #...###.#######.#
##...##..........#
##.#..##.<##.###..####
##.###.......#.......#.
#.## ##.....###....#.#.
##.###..#..#.#.##.##.#.
##.#Y@.#..#...........
#.§........####.##.#.
#.....#..### #.##<#.
#.....#..# #.##.#.
#######..######.##.#.
#............#.
#....(....#....
###########.### #.#


You could see an ice beast.

Vanquished Creatures
  Sigmund (D:5)
  A black bear (D:5)
  An ogre (D:5)
  A phantom (D:5)
  2 scorpions (D:5)
  2 howler monkeys
  An orc priest (D:4)
  4 hounds
  2 jellies
  5 iguanas
  A sleepcap (D:5)
  3 orc wizards (D:4)
  2 gnolls (D:2)
  8 adders
  2 worms
  A dart slug (D:1)
  8 orcs
  10 ball pythons
  3 endoplasms
  6 giant cockroaches
  5 goblins
  12 hobgoblins
  7 jackals (D:2)
  6 quokkas
  3 bats
  4 frilled lizards
  3 kobolds
  5 rats
109 creatures vanquished.

Vanquished Creatures (collateral kills)
  A hound (D:5)
  An orc wizard (D:4)
  3 gnolls
  An orc (D:4)
  An endoplasm (D:1)
  A hobgoblin (D:1)
8 creatures vanquished.

Grand Total: 117 creatures vanquished

Notes
Turn   | Place    | Note
-------+----------+-------------------------------------------
     0 | D:1      | NateTC the Djinni Hedge Wizard began the quest for the Orb.
     0 | D:1      | NateTC set off with the following spells memorised: Magic
                  | Dart, Slow, Blink, Call Imp, Mephitic Cloud.
     0 | D:1      | Reached XP level 1. HP: 15/15 MP: 0/0
    63 | D:1      | Reached XP level 2. HP: 8/22 MP: 0/0
   267 | D:1      | Reached skill level 1 in Fighting
   267 | D:1      | Reached XP level 3. HP: 25/27 MP: 0/0
   267 | D:1      | Learned a level 1 spell: Freeze
   305 | D:1      | Found Turif's General Store.
   943 | D:2      | Reached skill level 3 in Spellcasting
  1043 | D:2      | Reached XP level 4. HP: 18/32 MP: 0/0
  1948 | D:2      | Reached XP level 5. HP: 16/38 MP: 0/0
  1948 | D:2      | Learned a level 2 spell: Searing Ray
  2686 | D:3      | Reached XP level 6. HP: 38/44 MP: 0/0
  3176 | D:4      | Reached skill level 4 in Spellcasting
  3592 | D:4      | Reached XP level 7. HP: 32/50 MP: 0/0
  3592 | D:4      | Learned a level 3 spell: Gell's Gravitas
  4256 | D:5      | Entered Level 5 of the Dungeon
  4561 | D:5      | Reached skill level 5 in Spellcasting
  4638 | D:5      | Noticed Sigmund
  4842 | D:5      | Killed Sigmund
  4843 | D:5      | Reached skill level 5 in Dodging
  4843 | D:5      | Reached XP level 8. HP: 46/58 MP: 0/0
  5082 | D:5      | Found a broken altar of Ashenzari.
  5086 | D:5      | Found an ornate altar of the Wu Jian Council.
  5087 | D:5      | Found an iron altar of Okawaru.
  5994 | D:6      | Reached skill level 6 in Spellcasting
  6039 | D:5      | HP: 1/58 [ice beast (4)]
  6039 | D:5      | Demolished by an ice beast

Illustrated notes

Levels and vault maps discovered:
D:1:      matt_arrival_debris, layout_rooms, serial_shops, shop
D:2:      layout_basic, minmay_misc_feat_alley, minmay_strange_pillars
D:3:      layout_loops_ring, mainiacjoe_overflow_brackets
D:4:      layout_loops_ring, minmay_fractal_squares_5
D:5:      layout_loops_ring, grunt_temple_overflow_open,
          mainiacjoe_overflow_concentric_impassable, gup_sewer_entry_bowl,
          minmay_quadrilaterals, uniq_sigmund
D:6:      layout_basic, minmay_temple_entry_enclosed_plants, serial_shops, shop

Skill      XL: |  1  2  3  4  5  6  7  8 |
---------------+-------------------------+-----
Fighting       | 1 2 3 4 |  4.8
Spellcasting   | 3 4 5 6 |  6.0
Dodging        | 3 4 5 |  5.9
Stealth        | |  1.5

Action                     |  1- 3 |  4- 6 |  7- 9 || total
---------------------------+-------+-------+-------++-------
  Melee: Dagger            |       |     1 |       ||     1
   Cast: Magic Dart        |    94 |   154 |   132 ||   380
         Call Imp          |     2 |     6 |    10 ||    18
         Blink             |     1 |       |     3 ||     4
         Searing Ray       |       |     5 |    14 ||    19
         Gell's Gravitas   |       |       |     3 ||     3
    Use: Scroll            |     5 |     4 |       ||     9
         Potion            |       |     1 |     2 ||     3
 Armour: Robe              |     4 |    18 |    16 ||    38
  Dodge: Dodged            |    19 |    45 |    89 ||   153

Table legend: (Time is in decaauts)
 A = Elapsed time spent in this place.
 B = Non-inter-level travel time spent in this place.
 C = Inter-level travel time spent in this place.
 D = Time resting spent in this place.
 E = Time spent auto-exploring this place.
 F = Levels seen in this place.
 G = Mean time per level.
                   A        B        C        D        E       F      G
               +--------+--------+--------+--------+--------+-----+--------+
         Total |   6037 |   5883 |    154 |   1579 |   2826 |   6 | 1006.2 |
       Dungeon |   6037 |   5883 |    154 |   1579 |   2826 |   6 | 1006.2 |
               +--------+--------+--------+--------+--------+-----+--------+

Top non-repeatable levels by time:
     D:5: 1527 daAuts
     D:4: 1363 daAuts
     D:2: 1184 daAuts
     D:3: 938 daAuts
     D:1: 921 daAuts
     D:6: 101 daAuts
